 Dungeon Sprint DCSS version 0.30-a0-1094-g860fb061e7 (webtiles) character file.

Game seed: 11372905082559028982

589 Darkkill the Carver (level 7, -1/64 HPs)
             Began as a Human Monk on Apr 17, 2023.
             Was a Priest of Nemelex Xobeh.
             Slain by an alligator snapping turtle (13 damage)
             ... in the Dungeon (Sprint VII: "The Pits").
             The game lasted 00:03:25 (549 turns).

Darkkill the Carver (Human Monk)                     Turns: 549, Time: 00:03:26

Health: -1/64      AC:  9    Str: 13    XL:     7   Next: 65%
Magic:  7/7        EV: 12    Int: 11    God:    Nemelex Xobeh [***...]
Gold:   0          SH:  0    Dex: 15    Spells: 6/6 levels left

rFire   . . .      SeeInvis .    f - +1 trident (heavy)
rCold   . . .      Faith    .    d - orb {light}
rNeg    . . .      Spirit   .    n - +3 scale mail
rPois   .          Reflect  .    (no helmet)
rElec   .          Rampage  .    (no cloak)
rCorr   .          NoTele   +    (no gloves)
Will    .....                    (no boots) Stlth
                                 (no amulet)
HPRegen 0.30/turn                (no ring)
MPRegen 0.10/turn                (no ring)

@: spiked, glowing
A: no striking features
a: Renounce Religion, Draw Escape, Draw Destruction, Draw Summoning, Triple Draw


You were in the Dungeon.
You worshipped Nemelex Xobeh.
Nemelex Xobeh was most pleased with you.
You visited 1 branch

Inventory:

Hand Weapons
 f - a +1 heavy trident (weapon)
Missiles
 l - 8 stones (quivered)
Armour
 d - an orb of light (worn)
 n - a +3 scale mail (worn)
Scrolls
 j - a scroll of blinking
 m - 5 scrolls of amnesia
Potions
 a - 2 potions of invisibility
 c - a potion of ambrosia
 e - 6 potions of curing {@q1}
 g - a potion of haste
 h - 4 potions of magic
 i - 2 potions of berserk rage


   Skills:
 + Level 9.5 Fighting
 + Level 9.5 Long Blades
 + Level 9.5 Dodging


You had 6 spell levels left.
You didn't know any spells.
Your spell library was empty.

Dungeon Overview and Level Annotations

Branches:
Dungeon (1/1)

Altars:
Ashenzari
Cheibriados
Dithmenos
Elyvilon
Fedhas
Gozag
Hepliaklqana
Kikubaaqudgha
Makhleb
Nemelex Xobeh
Okawaru
Qazlal
Ru
Sif Muna
Trog
Uskayaw
Vehumet
Wu Jian
Xom
Yredelemnul
Zin
The Shining One
Jiyva
Lugonu


Message History

Your killer bee's corpse disappears in a puff of smoke!
The red devil barely misses you.
You draw a card...
You have drawn the Elixir.
You begin rapidly regenerating health and magic.
The deck of cards glows slightly and disappears.
Your hell hound bites the alligator snapping turtle but does no damage.
The alligator snapping turtle bites your hell hound!!!
Your hell hound dies!
Your hell hound's corpse disappears in a puff of smoke!
The red devil hits you from afar with a +0 trident!
Barbed spikes become lodged in your body.
Your raiju bursts into living lightning!
The living lightning hits the alligator snapping turtle but does no damage.
Your raiju blinks! x2
The barbs in your skin will harm you if you move.
Continue?
You swap places.
The barbed spikes dig painfully into your body as you move.
The red devil completely misses you.
The alligator snapping turtle closely misses your raiju.
Your raiju bites the alligator snapping turtle but does no damage.
You feel much better.
The red devil hits you from afar with a +0 trident.
Barbed spikes become lodged in your body.
The alligator snapping turtle misses your raiju.
Your raiju bites the alligator snapping turtle but does no damage.
Your basilisk gazes at the alligator snapping turtle.
The alligator snapping turtle resists with almost no effort.
You feel much better.
Your fire vortex barely misses the red devil.
The red devil hits you but does no damage.
Your basilisk gazes at the alligator snapping turtle.
The alligator snapping turtle resists with almost no effort.
Your raiju bursts into living lightning!
The living lightning hits the alligator snapping turtle but does no damage.
Your raiju blinks!
The barbed spikes dig painfully into your body as you move.
The alligator snapping turtle closely misses your raiju.
Your basilisk bites the alligator snapping turtle!
Your raiju bursts into living lightning!
The living lightning hits the alligator snapping turtle.
Your raiju blinks!
You swap places.
The barbed spikes dig painfully into your body as you move.
The alligator snapping turtle bites your raiju!!
The red devil closely misses you.
Your raiju bites the alligator snapping turtle.
Your raiju shocks the alligator snapping turtle!
Your basilisk bites the alligator snapping turtle but does no damage.
The barbed spikes dig painfully into your body as you move.
The alligator snapping turtle bites your basilisk!
The red devil hits you with a +0 trident!
Barbed spikes become lodged in your body.
Your raiju bites the alligator snapping turtle but does no damage.
Your basilisk gazes at the alligator snapping turtle.
The alligator snapping turtle resists with almost no effort.
You completely miss the red devil. The red devil closely misses you.
Your basilisk bites the alligator snapping turtle but does no damage.
Your raiju bites the alligator snapping turtle but does no damage.
The alligator snapping turtle bites your basilisk.
The red devil hits you with a +0 trident!
Barbed spikes become lodged in your body.
You hit the red devil but do no damage.
Your basilisk gazes at the alligator snapping turtle.
The alligator snapping turtle resists with almost no effort.
Your raiju bites the alligator snapping turtle but does no damage.
The alligator snapping turtle bites your basilisk!!!
Your basilisk dies!
Your basilisk's corpse disappears in a puff of smoke!
The red devil hits you with a +0 trident!
Barbed spikes become lodged in your body.
Your raiju bites the alligator snapping turtle but does no damage.
The red devil closely misses you.
You puncture the red devil!
The red devil is heavily wounded.
Your fire vortex hits the red devil.
Your fire vortex dissipates!
Your raiju bites the alligator snapping turtle but does no damage.
The red devil hits you with a +0 trident!
* * * LOW HITPOINT WARNING * * *
Barbed spikes become lodged in your body.
Your raiju bites the alligator snapping turtle but does no damage.
The alligator snapping turtle barely misses you.
The red devil hits you with a +0 trident!
* * * LOW HITPOINT WARNING * * *
Barbed spikes become lodged in your body.
You feel much better.
Your raiju bites the alligator snapping turtle but does no damage.
The alligator snapping turtle bites you from afar.
* * * LOW HITPOINT WARNING * * *
The red devil barely misses you.
You hit the red devil.
The red devil is severely wounded.
Your raiju bites the alligator snapping turtle but does no damage.
The alligator snapping turtle barely misses you.
The red devil hits you but does no damage.
Your raiju bites the alligator snapping turtle.
Your raiju shocks the alligator snapping turtle!
The alligator snapping turtle bites you from afar!
You die...
Your body glows slightly brighter and disappears.

#.#........##.......#
#'###########.......#
#.......# #########
#...#...# #...#...#
#.##.##.#+#
#...#...#.+
#...#.§h#'#
#...4@.t§.#
###########


You could see an alligator snapping turtle (ally target), a red devil (summoned)
and a friendly raiju (summoned).

Vanquished Creatures
  A flying skull (D)
  A warg (D)
  A floating eye (D)
  2 phantoms (D)
  An iron imp (D)
  A gnoll (D)
  A river rat (D)
  An ufetubus (D)
  An adder skeleton (D)
  A giant cockroach (D)
  A hobgoblin (D)
  A quokka (D)
  A rat (D)
14 creatures vanquished.

Vanquished Creatures (collateral kills)
  A goblin (D)
  A frilled lizard (D)
2 creatures vanquished.

Grand Total: 16 creatures vanquished

Notes
Turn   | Place    | Note
-------+----------+-------------------------------------------
     0 | D        | Darkkill the Human Monk began the quest for the Orb.
     0 | D        | Reached XP level 1. HP: 18/18 MP: 1/1
    18 | D        | Found a bloodstained altar of Trog.
    18 | D        | Found a shimmering blue altar of Sif Muna.
    18 | D        | Found a viscous altar of Jiyva.
    18 | D        | Found a hazy altar of Hepliaklqana.
    18 | D        | Found an opulent altar of Gozag.
    19 | D        | Found a glowing golden altar of the Shining One.
    19 | D        | Found a glowing silver altar of Zin.
    19 | D        | Found a basalt altar of Yredelemnul.
    19 | D        | Found a shimmering altar of Xom.
    19 | D        | Found an ornate altar of the Wu Jian Council.
    19 | D        | Found a sacrificial altar of Ru.
    19 | D        | Found a stormy altar of Qazlal.
    19 | D        | Found an iron altar of Okawaru.
    19 | D        | Found a sparkling altar of Nemelex Xobeh.
    19 | D        | Found a burning altar of Makhleb.
    19 | D        | Found a blossoming altar of Fedhas.
    19 | D        | Found a white marble altar of Elyvilon.
    19 | D        | Found a shadowy altar of Dithmenos.
    19 | D        | Found a snail-covered altar of Cheibriados.
    22 | D        | Found a corrupted altar of Lugonu.
    22 | D        | Found a radiant altar of Vehumet.
    24 | D        | Found a broken altar of Ashenzari.
    24 | D        | Found an ancient bone altar of Kikubaaqudgha.
    24 | D        | Found a hide-covered altar of Uskayaw.
    30 | D        | Became a worshipper of Nemelex Xobeh the Trickster
    30 | D        | Reached * piety under Nemelex Xobeh
    30 | D        | Received a gift from Nemelex Xobeh
    30 | D        | Reached ** piety under Nemelex Xobeh
   123 | D        | HP: 1/18 [river rat (5)]
   127 | D        | Reached XP level 2. HP: 9/25 MP: 2/2
   201 | D        | Reached XP level 3. HP: 24/31 MP: 3/3
   201 | D        | Noticed a floating eye
   203 | D        | Paralysed by a floating eye for 2 turns
   207 | D        | Killed a floating eye
   208 | D        | Reached XP level 4. HP: 35/41 MP: 4/4
   208 | D        | Reached XP level 5. HP: 40/47 MP: 5/5
   235 | D        | Noticed a phantom
   243 | D        | Killed a phantom
   244 | D        | Reached XP level 6. HP: 55/55 MP: 6/6
   312 | D        | Received a gift from Nemelex Xobeh
   312 | D        | Reached *** piety under Nemelex Xobeh
   312 | D        | Noticed a flying skull
   327 | D        | Killed a flying skull
   328 | D        | Reached XP level 7. HP: 56/63 MP: 7/7
   344 | D        | Noticed a warg
   380 | D        | Killed a warg
   519 | D        | Noticed an alligator snapping turtle
   531 | D        | Noticed a red devil
   535 | D        | HP: 9/64 [red devil/+0 trident[the player character] (14)]
   547 | D        | HP: 12/64 [red devil/+0 trident[the player character] (9)]
   547 | D        | HP: 2/64 [red devil/+0 trident[the player character] (10)]
   549 | D        | Slain by an alligator snapping turtle

Illustrated notes

Levels and vault maps discovered:
D:        pitsprint [storerooms_1, entrance_room_1, metal_vault_1, armoury_3,
          mini_pit_1, grid_room_1, main_hall_1, silver_pit, the_coven_3,
          the_vestibule_1, steel_vault_1, golden_pit, hallway_of_sentries,
          crystal_vault_4, iron_vault_3, final_vault]

Skill      XL: |  1  2  3  4  5  6  7 |
---------------+----------------------+-----
Fighting       | 4 6 7 8 9 |  9.5
Long Blades    | 4 6 7 8 9 |  9.5
Dodging        | 4 6 7 8 9 |  9.5

Action                     |  1- 3 |  4- 6 |  7- 9 || total
---------------------------+-------+-------+-------++-------
  Melee: Trident           |    12 |     6 |    24 ||    42
         Falchion          |     1 |       |       ||     1
  Throw: Stone             |       |       |     2 ||     2
 Invoke: Draw Destruction  |     3 |     7 |       ||    10
         Draw Summoning    |       |       |     4 ||     4
         Draw Escape       |       |       |     1 ||     1
    Use: Potion            |     1 |     1 |     5 ||     7
         Scroll            |       |     1 |       ||     1
 Armour: Robe              |     1 |       |       ||     1
         Scale mail        |       |     5 |    10 ||    15
  Dodge: Dodged            |    11 |     7 |    26 ||    44

Table legend: (Time is in decaauts)
 A = Elapsed time spent in this place.
 B = Non-inter-level travel time spent in this place.
 C = Inter-level travel time spent in this place.
 D = Time resting spent in this place.
 E = Time spent auto-exploring this place.
 F = Levels seen in this place.
 G = Mean time per level.
                   A        B        C        D        E       F      G
               +--------+--------+--------+--------+--------+-----+--------+
         Total |    579 |    558 |     21 |    228 |      0 |   1 |  579.0 |
       Dungeon |    579 |    558 |     21 |    228 |      0 |   1 |  579.0 |
               +--------+--------+--------+--------+--------+-----+--------+

Top non-repeatable levels by time:
       D: 579 daAuts

Table legend:
 A = Kills in this place as a percentage of kills in the entire game.
 B = Kills by you in this place as a percentage of kills by you in the entire game.
 C = Kills by friends in this place as a percentage of kills by friends in the entire game.
 D = Other kills in this place as a percentage of other kills in the entire game.
 E = Experience gained in this place as a percentage of experience gained in the entire game.
 F = Experience gained in this place divided by the number of levels of this place that you have seen.
                   A       B       C       D       E      F
               +-------+-------+-------+-------+-------+----------------------
         Total | 100.0 | 100.0 | 100.0 |   N/A | 100.0 | 842.0
       Dungeon | 100.0 | 100.0 | 100.0 |   N/A | 100.0 | 842.0
               +-------+-------+-------+-------+-------+----------------------
